 Dungeon Crawl Stone Soup version 0.29.1-1-gd02db6906a (webtiles) character file.

Game seed: 12678756616126278198

1334 tardwrangler69 the Carver (level 8, -16/74 HPs)
             Began as a Minotaur Chaos Knight on Sept 28, 2022.
             Was a Plaything of Xom.
             Demolished by an orc warrior
             ... wielding a +0 dire flail
              (25 damage)
             ... on level 6 of the Dungeon.
             The game lasted 00:05:44 (6420 turns).

tardwrangler69 the Carver (Minotaur Chaos Knight)   Turns: 6420, Time: 00:05:45

Health: -16/74     AC:  6    Str: 16      XL:     8   Next: 35%
Magic:  0/7        EV: 11    Int:  9      God:    Xom [......]
Gold:   357        SH:  3    Dex: 11 (13) Spells: 7/7 levels left

rFire   . . .      SeeInvis .   a - +0 falchion (chaos)
rCold   + . .      Faith    .   n - +0 buckler {rPois}
rNeg    . . .      Spirit   +   b - +2 leather armour
rPois   +          Reflect  .   (helmet unavailable)
rElec   .          Harm     .   (no cloak)
rCorr   +          Rampage  .   (no gloves)
Will    .....                   (no boots)
Stlth   +.........              r - amulet of guardian spirit
HPRegen 0.22/turn               v - ring of protection from cold
MPRegen 0.10/turn               E - ring of resist corrosion

@: no status effects
A: horns 3, retaliatory headbutt, talons 1, deterioration 2, shaggy fur 1
a: Renounce Religion


You were on level 6 of the Dungeon.
You worshipped Xom.
You were a very special plaything of Xom.
You visited 1 branch of the dungeon, and saw 6 of its levels.

You collected 357 gold pieces.

Inventory:

Hand Weapons
 a - a +0 falchion of chaos (weapon)
Armour
 b - a +2 leather armour (worn)
 n - a +0 buckler of poison resistance (worn)
Jewellery
 r - an amulet of guardian spirit (around neck)
 v - a ring of protection from cold (left hand)
 D - a ring of protection from cold
 E - a ring of resist corrosion (right hand)
Wands
 p - a wand of roots (8)
 q - a wand of mindburst (12)
Scrolls
 f - 13 scrolls of identify {unknown}
 i - 7 scrolls of teleportation {unknown}
 k - a scroll of fear {unknown}
 l - a scroll of magic mapping {unknown}
 o - a scroll of vulnerability {unknown}
 s - 2 scrolls of enchant armour {unknown}
 y - a scroll of silence {unknown}
 A - a scroll of torment {unknown}
 B - a scroll of immolation {unknown}
Potions
 d - a potion of cancellation {unknown}
 e - 2 potions of invisibility {unknown}
 g - 2 potions of lignification {unknown}
 j - 2 potions of magic {unknown}
 m - a potion of resistance {unknown}
 t - 2 potions of degeneration {unknown}
 u - a potion of mutation {unknown}
 w - 2 potions of heal wounds {unknown}
 x - a potion of brilliance {unknown}
 z - a potion of attraction {unknown}
 C - a potion of might {unknown}
Miscellaneous
 c - a piece from Xom's chessboard (15/15) (quivered)


   Skills:
 + Level 7.9 Fighting
 * Level 10.6 Long Blades
 - Level 2.4 Armour
 - Level 1.1 Dodging


You had 7 spell levels left.
You didn't know any spells.
Your spell library contained the following spells:

 Spells                   Type           Power      Damage    Failure   Level
 Slow                     Hex            0%         N/A       56%         1
 Confusing Touch          Hex            0%         N/A       90%         3
 Frozen Ramparts          Ice            0%         1d1       90%         3
 Vampiric Draining        Necr           0%         2d6       90%         3
 Cause Fear               Hex            0%         N/A       100%        4
 Ice Form                 Ice/Tmut       0%         N/A       100%        4
 Summon Ice Beast         Ice/Summ       0%         N/A       100%        4
 Dragon Form              Tmut           0%         N/A       100%        7
 Dragon's Call            Summ           0%         N/A       100%        9


Dungeon Overview and Level Annotations

Branches:
Dungeon (6/15)             Temple (0/1) D:5

Altars:
Makhleb
Trog
Wu Jian
Xom

Annotations:
D:3 exclusion: 2 downstairs
D:5 exclusion: downstairs
D:6 1 transporter, Leon's ghost, novice MeVM


Innate Abilities, Weirdness & Mutations

You have a pair of large horns on your head.
You reflexively headbutt those who attack you in melee.
You have sharp toenails.
Your body often deteriorates upon taking damage.
You are covered in fur. (AC +1)


Message History

You hit the orc warrior.
Lightning courses through the orc warrior!
Your kick misses the orc warrior.
The orc warrior is heavily wounded.
The orc warrior hits you with a +0 dire flail!
You hit the orc warrior but do no damage.
The orc warrior goes berserk!
Xom is amused.
Your headbutt misses the orc warrior.
The orc warrior is heavily wounded.
The orc warrior hits you with a +0 dire flail!
Your body deteriorates!
You feel clumsy.
You hit the orc warrior but do no damage.
The orc warrior is poisoned.
You claw the orc warrior, but do no damage.
The orc warrior is heavily wounded.
The orc warrior hits you with a +0 dire flail.
You barely miss the orc warrior. You claw the orc warrior.
You headbutt the orc warrior.
The orc warrior is severely wounded.
The orc warrior completely misses you.
The orc warrior hits you with a +0 dire flail!
* * * LOW HITPOINT WARNING * * *
You emit a cloud of colourful smoke!
You hear a shout! x2
The orc warrior closely misses you.
You hear a shout!
The orc warrior rages.
You hear a shout!
The orc warrior hits you with a +0 dire flail!
* * * LOW HITPOINT WARNING * * *
Your body deteriorates!
You feel clumsy.
It was a potion of curing.
You feel better.
Xom thinks this is hilarious!
The orc warrior hits you with a +0 dire flail!
* * * LOW HITPOINT WARNING * * *
You feel better.
The orc warrior hits you with a +0 dire flail!!
You die...
Xom chuckles heartily!

#......#. ........<......#
#..#.#.. #..###........##
#......# #.# ##..........
#..#.#.# #.# #..........#
#......# #.# #.......#..#
##......## #.# #...........
#....)o§§### #.# ##......#...
#.#.#..#o§.###.#####.........
#......###.o@.........###..#.
#.#.#..# #####..##.#### ##...
#......# #...##.....#...#.
####..## #.#.######.#.#...
#.o# #.#.# ..###. .... #.#.#
#. ..... ....# .. #.#.#.#
..### #......


You could see an orc warrior (berserk, very poisoned), an orc wizard and an orc.

Vanquished Creatures
  Menkaure (D:4)
  A centaur (D:6)
  2 ogres
  3 phantoms (D:5)
  A kobold brigand (D:5)
  4 scorpions
  A gnoll bouda (D:6)
  2 hounds
  A jelly (D:4)
  2 iguanas
  2 orc wizards (D:5)
  5 gnolls (D:6)
  4 adders
  A shadow imp (D:6)
  An ufetubus (D:6)
  A dart slug (D:1)
  4 orcs
  3 bats
  5 endoplasms
  2 giant cockroaches
  4 goblins
  8 hobgoblins
  4 jackals (D:3)
  2 quokkas (D:2)
  A ball python (D:1)
  16 kobolds
  3 rats (D:2)
84 creatures vanquished.

Vanquished Creatures (collateral kills)
  A hound (D:4)
  4 gnolls (D:4)
  An endoplasm (D:4)
6 creatures vanquished.

Grand Total: 90 creatures vanquished

Notes
Turn   | Place    | Note
-------+----------+-------------------------------------------
     0 | D:1      | tardwrangler69 the Minotaur Chaos Knight began the quest
                  | for the Orb.
     0 | D:1      | Reached XP level 1. HP: 19/19 MP: 0/0
   189 | D:1      | Reached skill level 4 in Long Blades
   321 | D:1      | Reached XP level 2. HP: 26/27 MP: 1/1
   451 | D:1      | XOM: draining
   509 | D:1      | XOM: noise
   688 | D:1      | Found a faded altar of an unknown god.
   816 | D:1      | XOM: 2-stop teleportation journey
  1418 | D:2      | Reached XP level 3. HP: 31/32 MP: 2/2
  1469 | D:2      | XOM: 2-stop teleportation journey
  1557 | D:2      | XOM: god gift: shiny buckler {god gift}
  1619 | D:2      | XOM: 1-stop teleportation journey
  1630 | D:2      | XOM: divination: detect creatures
  1725 | D:2      | Reached skill level 5 in Long Blades
  1777 | D:2      | XOM: scenery: create altars
  2017 | D:2      | XOM: give mutation
  2017 | D:2      | Gained mutation: You have sharp fingernails. [Xom's grace]
  2374 | D:3      | Found a bloodstained altar of Trog.
  2458 | D:3      | XOM: 4-stop teleportation journey
  2623 | D:3      | Found a burning altar of Makhleb.
  2891 | D:3      | XOM: scenery: 2 doors open, 3 doors close
  2908 | D:4      | Noticed Menkaure
  2909 | D:4      | XOM: scenery: summon butterflies
  3244 | D:3      | XOM: noise
  3316 | D:4      | Reached XP level 4. HP: 41/41 MP: 3/3
  3330 | D:4      | Noticed a scorpion
  3330 | D:4      | XOM: 2-stop teleportation journey
  3350 | D:4      | XOM: smoke on damage
  3351 | D:4      | Killed Menkaure
  3352 | D:4      | Reached skill level 5 in Fighting
  3352 | D:4      | Reached skill level 6 in Long Blades
  3352 | D:4      | Reached XP level 5. HP: 16/48 MP: 4/4
  3591 | D:4      | XOM: noise
  3598 | D:4      | Noticed an ogre
  3780 | D:4      | Reached skill level 7 in Long Blades
  3780 | D:4      | Reached XP level 6. HP: 51/56 MP: 5/5
  4177 | D:4      | XOM: give mutation
  4177 | D:4      | Lost mutation: You have sharp fingernails. [Xom's mischief]
  4304 | D:4      | XOM: cloud trail
  4378 | D:4      | XOM: summons friendly shadow imp
  4382 | D:4      | Reached skill level 8 in Long Blades
  4482 | D:4      | XOM: give mutations
  4482 | D:4      | Gained mutation: Your body sometimes deteriorates upon
                  | taking damage. [Xom's mischief]
  4482 | D:4      | Gained mutation: You occasionally lose the ability to read
                  | scrolls when taking damage. [Xom's mischief]
  4825 | D:4      | XOM: give mutations
  4825 | D:4      | Gained mutation: Armour fits poorly on your strangely
                  | shaped body. [Xom's mischief]
  4825 | D:4      | Gained mutation: You occasionally shout uncontrollably at
                  | your foes. [Xom's mischief]
  4825 | D:4      | Lost mutation: You occasionally shout uncontrollably at
                  | your foes. [Xom's mischief]
  4825 | D:4      | Lost mutation: Armour fits poorly on your strangely shaped
                  | body. [Xom's mischief]
  4842 | D:5      | Entered Level 5 of the Dungeon
  4853 | D:5      | XOM: swap monsters
  4862 | D:5      | Reached XP level 7. HP: 42/64 MP: 6/6
  5076 | D:5      | XOM: enchant monster (good)
  5153 | D:5      | XOM: scenery: create altars
  5281 | D:5      | Found an ornate altar of the Wu Jian Council.
  5338 | D:5      | Reached skill level 9 in Long Blades
  5468 | D:5      | XOM: scenery: create altars
  5559 | D:5      | XOM: give mutations
  5559 | D:5      | Gained mutation: You are covered in fur. (AC +1) [Xom's
                  | grace]
  5559 | D:5      | Gained mutation: You have a pair of large horns on your
                  | head. [Xom's grace]
  5559 | D:5      | Gained mutation: You have sharp toenails. [Xom's grace]
  5678 | D:5      | XOM: cloud trail
  5700 | D:5      | XOM: give mutations
  5700 | D:5      | Lost mutation: You occasionally lose the ability to read
                  | scrolls when taking damage. [Xom's mischief]
  5700 | D:5      | Gained mutation: Your body often deteriorates upon taking
                  | damage. [Xom's mischief]
  5795 | D:5      | Found a staircase to the Ecumenical Temple.
  5913 | D:5      | Reached XP level 8. HP: 48/73 MP: 7/7
  6067 | D:6      | Found a transporter.
  6068 | D:6      | Noticed Leon's ghost (novice MeVM)
  6089 | D:6      | Reached skill level 10 in Long Blades
  6295 | D:6      | XOM: noise
  6351 | D:6      | XOM: confusion
  6414 | D:6      | XOM: smoke on damage
  6419 | D:6      | HP: 2/74 [orc warrior/+0 dire flail (14)]
  6420 | D:6      | Demolished by an orc warrior

Illustrated notes

Levels and vault maps discovered:
D:1:      dpeg_arrival_concentric_ovals, layout_basic,
          ebering_ecumenical_altar_webs
D:2:      layout_basic, nrook_campfire
D:3:      layout_basic, bloody_makhleb, mainiacjoe_overflow_24_doors,
          minmay_misc_feat_enclosed, chequers_hall_statues_corner_a
D:4:      layout_cave_pods, uniq_menkaure
D:5:      layout_cave_pools, nzn_wu_jian_council_hall,
          minmay_temple_entry_fiery, grunt_ministairs_3
D:6:      layout_rooms, gammafunk_ghost_smash, portal_sewer_entry_d,
          serial_glass, glass_columns_a, glass_columns_b, glass_columns_b,
          glass_columns_a, glass_columns_a, glass_columns_a, glass_columns_a,
          glass_columns_b, glass_columns_b, glass_columns_a, glass_columns_a,
          glass_columns_c, glass_columns_a, glass_columns_a

Skill      XL: |  1  2  3  4  5  6  7  8 |
---------------+-------------------------+-----
Long Blades    | 4 5 6 7 8 9 10 | 10.6
Fighting       | 4 5 6 7 |  7.9
Armour         | |  2.4
Dodging        | |  1.1

Action                   |  1- 3 |  4- 6 |  7- 9 || total
-------------------------+-------+-------+-------++-------
Melee: Falchion          |   104 |    54 |    92 ||   250
       Headbutt          |     8 |     6 |    17 ||    31
       Punch             |     1 |       |       ||     1
       Kick              |       |       |    19 ||    19
  Use: Potion            |       |       |     2 ||     2
Armor: Leather armour    |    47 |    14 |    11 ||    72
Dodge: Dodged            |    50 |    17 |    42 ||   109
Block: Buckler           |     2 |     9 |     8 ||    19
